 Dungeon Crawl Stone Soup version 0.22-a0-258-g34c0b7be20 (webtiles) character file.

60 RedPan the Insei (level 3, -5/29 HPs)
             Began as a Demonspawn Monk on Mar 5, 2018.
             Killed by divine providence
             ... invoked by an orc priest
              (13 damage)
             ... on level 2 of the Dungeon.
             The game lasted 00:02:39 (2714 turns).

RedPan the Insei (Demonspawn Monk)                  Turns: 2714, Time: 00:02:40

Health: -5/29      AC:  2    Str: 12    XL:     3   Next: 82%
Magic:  3/3        EV: 13    Int: 11    God:
Gold:   95         SH:  0    Dex: 13    Spells: 2/2 levels left

rFire    . . .     SeeInvis .     - Unarmed
rCold    . . .     Gourm    .   (no shield)
rNeg     . . .     Faith    .   a - +0 robe
rPois    .         Spirit   .   (helmet restricted)
rElec    .         Reflect  .   (no cloak)
rCorr    .         Harm     .   (no gloves)
MR       .....                  (no boots)
Stlth    ++........             (no amulet)
HPRegen  0.09/turn              i - -2 ring of dexterity (curse)
MPRegen  0.08/turn              (no ring)

@: no status effects
A: horns 1
a: no special abilities


You were on level 2 of the Dungeon.
You were hungry.

You visited 1 branch of the dungeon, and saw 3 of its levels.

You collected 95 gold pieces.

Inventory:

Armour
 a - a +0 robe (worn)
Jewellery
 i - a cursed -2 ring of dexterity (left hand)
Scrolls
 c - a scroll of teleportation {unknown}
 d - 4 scrolls of identify {unknown}
 f - a scroll of random uselessness {unknown}
 g - a scroll of enchant armour {unknown}
 h - a scroll of fear
 j - a scroll of magic mapping {unknown}
 l - a scroll of noise {unknown}
 m - a scroll of remove curse
Potions
 e - a potion of lignification {unknown}
 k - a potion of resistance {unknown}
Comestibles
 b - 4 rations


   Skills:
 - Level 3.0 Fighting
 + Level 3.3 Dodging
 - Level 1.7 Stealth
 * Level 3.9 Unarmed Combat


You had 2 spell levels left.
You didn't know any spells.

Dungeon Overview and Level Annotations

Branches:
Dungeon (3/15)

Altars:
Elyvilon
Trog
The Shining One

Annotations:
D:2 2 transporters


Innate Abilities, Weirdness & Mutations

You have a pair of small horns on your head.


Message History

The orc priest is heavily wounded.
The orc priest hits you with an enchanted whip.
You closely miss the orc priest.
The orc priest is heavily wounded.
The orc priest hits you but does no damage.
You barely miss the orc priest.
The orc priest is heavily wounded.
The orc priest hits you with an enchanted whip.
You closely miss the orc priest. You headbutt the orc priest.
The orc priest is almost dead.
The orc priest hits you with an enchanted whip.
* * * LOW HITPOINT WARNING * * *
You hit the orc priest but do no damage.
The orc priest is severely wounded.
The orc priest closely misses you.
You hit the orc priest but do no damage.
The orc priest is severely wounded.
The orc priest mumbles some strange prayers to Beogh against you.
Beogh smites you!
You die...

#..#.###.......#..#####≈.≈≈≈..≈.≈
.....≈≈######.##......#.≈≈..≈≈..≈
.....≈##§#⌠###.#....#.###########
.....≈#§≈≈§≈##.#.##.#.#########
...#.≈#≈..§§##................#
...##≈#≈...§§##...###.#######.#
......'.._.§##........# #.#
..#..≈#≈..§§§###.o##### #.###
#.#.§§#§...≈##..@.###### #.#..
#.#.§§#§≈≈§≈####.......# #.#.#
#.#§§§##⌠#⌠###...#####.# #.#.#
.....§§#########.# #.# #.#.#
..#.########.#########.# #.#..
###........#.........#.# #.#.. #
#######.##########.#.# #.#.. #
#.# #.#.# #.#.. # #.# #.#.# #.#..


You could see an orc priest.

Vanquished Creatures
  An ooze (D:2)
  4 dart slugs
  3 leopard geckos
  4 giant cockroaches
  4 goblins
  7 hobgoblins
  4 kobolds
  A quokka (D:2)
  2 ball pythons (D:1)
  4 bats
  4 frilled lizards
  6 rats
44 creatures vanquished.

Notes
Turn   | Place    | Note
-------+----------+-------------------------------------------
     0 | D:1      | RedPan the Demonspawn Monk began the quest for the Orb.
     0 | D:1      | Reached XP level 1. HP: 18/18 MP: 1/1
   558 | D:1      | Gained mutation: You have a pair of small horns on your head. [demonic ancestry]
   558 | D:1      | Reached XP level 2. HP: 24/24 MP: 2/2
  1466 | D:2      | Found a transporter.
  1467 | D:2      | Noticed a phantom
  1472 | D:2      | Noticed a killer bee
  1484 | D:2      | Found a white marble altar of Elyvilon.
  1493 | D:2      | Reached XP level 3. HP: 29/29 MP: 3/3
  1761 | D:2      | Found a bloodstained altar of Trog.
  1900 | D:2      | Found a faded altar of an unknown god.
  1965 | D:2      | Found a transporter.
  2485 | D:2      | Found a glowing golden altar of the Shining One.
  2714 | D:2      | Killed from afar by an orc priest

Vault maps used:
D:1:      sevenhm_arrival_forest_fort_small_3, serial_glass, glass_columns_a,
          glass_columns_a, minmay_octomino_e4
D:2:      gammafunk_temple_overflow_arena, marbit_many_paths,
          lightli_temple_of_fire, first_ration, chequers_ecumenical_altar_island
D:3:      old_standard_altar, grunt_decor_mini_mirrors, uniq_crazy_yiuf_cottage

Skill      XL: |  1  2 |
---------------+-------+-----
Unarmed Combat | 3 |  3.9
Dodging        | 3 |  3.3
Fighting       | |  3.0
Stealth        | |  1.7

Action                   || total
-------------------------++-------
Melee: Unarmed           ||   164
       Punch             ||     2
       Headbutt          ||    17
  Use: Scroll            ||     2
 Stab: Sleeping          ||     6
  Eat: Chunk             ||     5
Armor: Robe              ||    20
Dodge: Dodged            ||   104

Table legend:
 A = Spawn XP
 B = Non-spawn XP
 C = Spawn XP percentage of total XP
 D = Spawn monster count
 E = Non-spawn monster count
 F = Spawn count percentage of total count
 G = Total turns spent on level
                    A         B        C        D         E        F      G
               +---------+---------+-------+---------+---------+-------+---------
         Total |       0 |      87 |   0.0 |       0 |      44 |   0.0 |  2714
               +---------+---------+-------+---------+---------+-------+---------
           D:1 |       0 |      38 |   0.0 |       0 |      22 |   0.0 |  1458
           D:2 |       0 |      49 |   0.0 |       0 |      22 |   0.0 |  1254
               +---------+---------+-------+---------+---------+-------+---------
